 Dungeon Crawl Stone Soup version 0.23-a0-451-g1044d4c (webtiles) character file.

58 Lavandula the Magician (level 4, 0/36 HPs)
             Began as a Naga Air Elementalist on Nov 23, 2018.
             Killed from afar by an orc wizard (10 damage)
             ... with a puff of flame
             ... on level 4 of the Dungeon.
             The game lasted 00:02:30 (497 turns).

Lavandula the Magician (Naga Air Elementalist)       Turns: 497, Time: 00:02:31

Health: 0/36       AC:  2    Str: 11    XL:     4   Next: 1%
Magic:  8/9        EV: 10    Int: 16    God:
Gold:   73         SH:  0    Dex: 11    Spells: 7/10 levels left

rFire    . . .     SeeInvis +   b - +0 dagger (holy)
rCold    . . .     Gourm    .   (no shield)
rNeg     . . .     Faith    .   a - +0 robe
rPois    +         Spirit   .   (no helmet)
rElec    .         Reflect  .   (no cloak)
rCorr    .         Harm     .   (no gloves)
MR       .....                  (no barding)
Stlth    ++........             (no amulet)
HPRegen  0.12/turn              (no ring)
MPRegen  0.11/turn              (no ring)

@: short of breath, very slow
A: large, see invisible, deformed body, poison resistance, slowness 2, slow
metabolism 1, spit poison 1, AC +1
a: Spit Poison


You were on level 4 of the Dungeon.
You were not hungry.

You visited 1 branch of the dungeon, and saw 4 of its levels.

You collected 73 gold pieces.

Inventory:

Hand Weapons
 b - a +0 dagger of holy wrath (weapon)
 g - a cursed -2 spear
Armour
 a - a +0 robe (worn)
Scrolls
 d - 3 scrolls of identify {unknown}
 e - a scroll of teleportation {unknown}
 h - a scroll of magic mapping {unknown}
Potions
 f - a potion of flight {unknown}
Comestibles
 c - 2 rations


   Skills:
 - Level 1.5 Dodging
 - Level 3.0 Stealth
 + Level 3.9 Spellcasting
 - Level 1.0 Conjurations
 - Level 3.0 Air Magic


You had 7 spell levels left.
You knew the following spells:

 Your Spells              Type           Power        Failure   Level  Hunger
a - Shock                 Conj/Air       #...         8%          1    None
b - Swiftness             Chrm/Air       #.......     14%         2    ##.....

Your spell library contained the following spells:

 Spells                   Type           Power        Failure   Level  Hunger
 Static Discharge         Conj/Air       #.......     22%         3    ###....
 Airstrike                Air            ##........   45%         4    ####...
 Lightning Bolt           Conj/Air       #.........   91%         5    ######.


Dungeon Overview and Level Annotations

Branches:
Dungeon (4/15)
 Temple: D:4-7

Altars:


Innate Abilities, Weirdness & Mutations

You cannot wear boots.
Your serpentine skin is tough. (AC +1)
You have supernaturally acute eyesight. (SInv)
Armour fits poorly on your strangely shaped body.
Your system is resistant to poisons. (rPois)
You cover ground very slowly.
You have a slow metabolism.
You can spit poison.


Message History

An orc wizard opens the door.
Press: ? - help, Shift-Dir - straight line, f/p - orc wizard
Aim: an orc wizard, wielding a +0 dagger and wearing a +0 robe The splash of poison hits the orc wizard.
The orc wizard is poisoned.
The orc wizard is severely wounded.
You feel slightly more hungry. The orc wizard casts a spell at you.
The puff of flame hits you!
* * * LOW HITPOINT WARNING * * *
Casting: Shock (safe; 8% risk of failure)
Confirm with . or Enter, or press ? or * to list all spells.
Aiming: Shock (safe; 8% risk of failure)
Press: ? - help, Shift-Dir - straight line, f/p - orc wizard
Aim: an orc wizard, wielding a +0 dagger and wearing a +0 robe (severely The zap hits the orc wizard.
The orc wizard is almost dead.
The orc wizard gestures at you while chanting.
The puff of flame hits you!
You die...

### ..# #.# # # #.#
..##.#####.#
.......#.#
#.##....#############
#...................<
####@..######.###.##.
##.## #)# #.##. #.#
#.# #.... #.# #.#
#..#. #o# #.# ##...
... #.# ##.. .....
#.#####.. .......
#........
.........####...##.#


You could see an orc wizard.

Vanquished Creatures
  An orc priest (D:4)
  An adder (D:2)
  An orc (D:3)
  A giant cockroach (D:2)
  2 goblins (D:1)
  5 hobgoblins
  A ball python (D:1)
  A bat (D:2)
  2 frilled lizards
  2 kobolds (D:1)
  4 rats
21 creatures vanquished.

Notes
Turn   | Place    | Note
-------+----------+-------------------------------------------
     0 | D:1      | Lavandula the Naga Air Elementalist began the quest for the
                  | Orb.
     0 | D:1      | Reached XP level 1. HP: 15/15 MP: 3/3
    96 | D:1      | Reached XP level 2. HP: 22/22 MP: 1/5
   196 | D:2      | Found a faded altar of an unknown god.
   209 | D:2      | Learned a level 2 spell: Swiftness
   250 | D:2      | Reached XP level 3. HP: 28/28 MP: 7/7
   414 | D:4      | Reached XP level 4. HP: 9/36 MP: 1/9
   497 | D:4      | Killed from afar by an orc wizard

Vault maps used:
D:1:      dpeg_arrival_oval
D:2:      chequers_temple_overflow_statue_of_worship,
          chequers_ecumenical_altar_island
D:3:      nicolae_ru_sacrificial_ziggurat, nemelex_altar_shiori
D:4:      grunt_temple_overflow_gold_and_silver,
          minmay_temple_entry_statues_pillars, first_ration

Skill      XL: |  1  2 |
---------------+-------+-----
Spellcasting   | 3 |  3.9
Dodging        | |  1.5
Stealth        | |  3.0
Conjurations   | |  1.0
Air Magic      | |  3.0

Action                   |  1- 3 |  4- 6 || total
-------------------------+-------+-------++-------
 Cast: Shock             |    24 |     3 ||    27
 Abil: Spit Poison       |    18 |     1 ||    19
Dodge: Dodged            |     4 |       ||     4

Table legend:
 A = Non-vault XP
 B = Vault XP
 C = Vault XP percentage of total XP
 D = Non-vault monster count
 E = Vault monster count
 F = Vault count percentage of total count
                 A         B        C        D         E       F
            +---------+---------+-------+---------+---------+-------
      Total |      83 |       0 |   0.0 |      21 |       0 |   0.0
            +---------+---------+-------+---------+---------+-------
        D:1 |      15 |       0 |   0.0 |      11 |       0 |   0.0
        D:2 |      21 |       0 |   0.0 |       6 |       0 |   0.0
        D:3 |       6 |       0 |   0.0 |       3 |       0 |   0.0
        D:4 |      41 |       0 |   0.0 |       1 |       0 |   0.0
            +---------+---------+-------+---------+---------+-------
